[Event "FIDE WYCC Open U14 2023"]
[Site "Montesilvano"]
[Date "2023.11.21"]
[Round "8.16"]
[White "Coicev, Matei-Andrei"]
[Black "Dinh Nho Kiet"]
[Result "1-0"]
[ECO "A20"]
[WhiteElo "2006"]
[BlackElo "2253"]
[Annotator "RC"]
[PlyCount "143"]
[EventDate "2023.11.13"]
[EventType "swiss"]
[EventCountry "ITA"]
[SourceTitle "playchess.com"]
[Source "ChessBase"]
[SourceQuality "1"]
[TimeControl "40/5400+30:1800+30"]

1. c4 e5 2. a3 Nf6 3. d3 g6 4. Nf3 d6 5. Nc3 Bg7 6. g3 O-O 7. Bg2 Re8 8. O-O c6 9. Qc2 Na6 10. b4 Nc7 11. Bb2 Bd7 12. Rfd1 Qe7 13. Ne4 Nxe4 14. dxe4 Be6 15. Bc1 d5 16. cxd5 cxd5 17. Ng5 d4 18. Nxe6 Nxe6 19. Qd3 Rac8 20. Bd2 h5 21. Bh3 Rc7 22. Rac1 Rec8 23. Rxc7 Rxc7 24. Rc1 Rxc1+ 25. Bxc1 Qc7 26. Bd2 a6 27. Qb3 Kh7 28. Bxe6 fxe6 29. Bg5 Qc6 30. Qd3 b5 31. Kg2 Kg8 32. h4 Qc7 33. Kf3 Kf7 34. Kg2 Kg8 35. Kf3 Kh7 36. Kg2 Bh6 37. Bxh6 Kxh6 38. Qd2+ Kg7 39. Qg5 Kf7 40. Qh6 Qd6 41. Qh7+ Kf6 42. Qg8 Qe7 43. Qh8+ Qg7 44. Qa8 Qd7 45. Qxa6 d3 46. exd3 Qxd3 47. Qc6 Qe2 48. Qa8 Kf7 49. Qa7+ Ke8 50. Qb8+ Kd7 51. Qxe5 Qd3 52. Qg7+ Kd6 53. Qxg6 Qxa3 54. Qe8 Qa4 55. Qf8+ Ke5 56. Qc5+ Kxe4 57. Qxh5 Kd3 58. Qg4 e5 59. h5 e4 60. Qd7+ Ke2 61. Qd4 Qa8 62. Qe3+ Kd1 63. h6 Qb7 64. Kg1 Qh7 65. Qg5 Ke2 66. Qxb5+ Ke1 67. Qc4 Qf5 68. Qc1+ Ke2 69. Qe3+ Kd1 70. b5 Qxb5 71. Qd4+ Kc1 72. Qxe4 1-0

[Event "FIDE WYCC Open U14 2023"]
[Site "Montesilvano"]
[Date "2023.11.21"]
[Round "8.17"]
[White "Nurgaliyev, Sauat"]
[Black "Boci, Mateo"]
[Result "1-0"]
[ECO "B31"]
[WhiteElo "2235"]
[BlackElo "1832"]
[Annotator "RC"]
[PlyCount "111"]
[EventDate "2023.11.13"]
[EventType "swiss"]
[EventCountry "ITA"]
[SourceTitle "playchess.com"]
[Source "ChessBase"]
[SourceQuality "1"]
[TimeControl "40/5400+30:1800+30"]

1. e4 c5 2. Nf3 Nc6 3. Bb5 g6 4. Bxc6 dxc6 5. d3 Bg7 6. h3 e5 7. a4 b6 8. Na3 Qe7 9. Nc4 f6 10. Be3 Nh6 11. O-O O-O 12. c3 Be6 13. b3 Rfd8 14. Qe2 Nf7 15. Rab1 g5 16. b4 cxb4 17. cxb4 Nh8 18. d4 g4 19. hxg4 Bxg4 20. dxe5 fxe5 21. Qa2 Nf7 22. Ng5 Kh8 23. f4 Nxg5 24. fxg5 Rf8 25. Rxf8+ Rxf8 26. a5 Be6 27. Qc2 Qf7 28. Nd2 bxa5 29. bxa5 Rc8 30. Qc5 Qd7 31. Qxa7 Qd3 32. Rb8 Bf8 33. Nf1 Qxe4 34. Rxc8 Bxc8 35. Qb8 Qf5 36. Ng3 Qg4 37. Bf2 Kg8 38. Qxe5 Qd1+ 39. Kh2 Qd5 40. Qe8 Bb7 41. Ne4 Qf5 42. Nf6+ Kg7 43. Nh5+ Kg8 44. Bd4 c5 45. Be5 Qf7 46. Nf6+ Kg7 47. Nxh7+ Kg8 48. Nf6+ Kg7 49. Nh7+ Kg8 50. Qxf7+ Kxf7 51. g6+ Kg8 52. Nxf8 Kxf8 53. g7+ Kf7 54. Kg3 c4 55. Kf2 Kg8 56. g3 1-0

[Event "FIDE WYCC Open U14 2023"]
[Site "Montesilvano"]
[Date "2023.11.21"]
[Round "8.18"]
[White "Rustamov, Rustam"]
[Black "Dumanuly, Sultanbeibarys"]
[Result "1-0"]
[ECO "B56"]
[WhiteElo "2229"]
[BlackElo "1931"]
[Annotator "RC"]
[PlyCount "71"]
[EventDate "2023.11.13"]
[EventType "swiss"]
[EventCountry "ITA"]
[SourceTitle "playchess.com"]
[Source "ChessBase"]
[SourceQuality "1"]
[TimeControl "40/5400+30:1800+30"]

1. e4 c5 2. Nf3 d6 3. d4 cxd4 4. Nxd4 Nf6 5. Nc3 Nc6 6. f3 e5 7. Nb3 Be7 8. Be3 Be6 9. Nd5 O-O 10. c4 Nd7 11. Qd2 a5 12. Nxe7+ Qxe7 13. Rd1 Rfd8 14. Be2 Nc5 15. O-O a4 16. Na1 h6 17. g4 f6 18. Nc2 Qf7 19. Na3 Rd7 20. Nb5 Rad8 21. Qc3 h5 22. h3 hxg4 23. hxg4 Qg6 24. Kf2 Bf7 25. Rh1 Ne6 26. Bd3 Kf8 27. Bc2 Ra8 28. Qa3 Kg8 29. Rh5 Ncd4 30. Nxd4 exd4 31. Bc1 Kf8 32. Bd3 Nc5 33. Rxc5 Qh7 34. Rh5 Bxh5 35. Rh1 Ra5 36. e5 1-0

[Event "FIDE WYCC Open U14 2023"]
[Site "Montesilvano"]
[Date "2023.11.21"]
[Round "8.19"]
[White "Yun, Hungi"]
[Black "Dhruva Thota"]
[Result "0-1"]
[ECO "B99"]
[WhiteElo "1884"]
[BlackElo "2192"]
[Annotator "RC"]
[PlyCount "160"]
[EventDate "2023.11.13"]
[EventType "swiss"]
[EventCountry "ITA"]
[SourceTitle "playchess.com"]
[Source "ChessBase"]
[SourceQuality "1"]
[TimeControl "40/5400+30:1800+30"]

1. e4 c5 2. Nf3 d6 3. d4 cxd4 4. Nxd4 Nf6 5. Nc3 a6 6. Bg5 e6 7. f4 Be7 8. Qf3 Qc7 9. O-O-O Nbd7 10. f5 e5 11. Nde2 b5 12. Bxf6 Nxf6 13. Nd5 Nxd5 14. exd5 b4 15. Ng3 Qb6 16. Ne4 f6 17. g4 Bd7 18. h4 a5 19. g5 Kd8 20. gxf6 gxf6 21. Bc4 Rc8 22. b3 Rg8 23. Rh3 a4 24. Rg3 Kc7 25. bxa4 Bxa4 26. Rdg1 Rxg3 27. Rxg3 Qd4 28. Bb3 Bxb3 29. axb3 Qxd5 30. Rg7 Kd8 31. Rxh7 Qg8 32. Qh5 Qg1+ 33. Qd1 Qe3+ 34. Nd2 Rc5 35. Qh1 Ra5 36. Rh8+ Kc7 37. Ra8 Rxa8 38. Qxa8 Qe1+ 39. Kb2 Qxd2 40. Qa7+ Kd8 41. Qb8+ Kd7 42. Qb5+ Kc7 43. Qa5+ Kc6 44. Qa6+ Kc5 45. Qa7+ Kd5 46. Qb7+ Kd4 47. Qxe7 Qc3+ 48. Kb1 Qe1+ 49. Kb2 Qxh4 50. Qxd6+ Ke3 51. Ka2 Kf3 52. Kb1 Qe1+ 53. Ka2 Qc3 54. Qd1+ Kf2 55. Qc1 Ke2 56. Kb1 e4 57. Qf4 e3 58. Qe4 Qe1+ 59. Kb2 Qg3 60. Qxb4 Kf1 61. Qc3 Qf4 62. Qxf6 e2 63. Qa6 Qe5+ 64. Ka2 Kf2 65. Qa7+ Qe3 66. Qc7 e1=Q 67. Qh2+ Kf3 68. Qh5+ Kg2 69. Qg6+ Q1g3 70. Qc6+ Qef3 71. Qc5 Qgf2 72. Qc8 Qxf5 73. Qg8+ Qg3 74. Qa8+ Qff3 75. Qc8 Qc3 76. Qa8+ Kf2 77. Qa7+ Ke2 78. Qa6+ Ke1 79. Kb1 Qge5 80. Qa3 Qd2 0-1

[Event "FIDE WYCC Open U14 2023"]
[Site "Montesilvano"]
[Date "2023.11.21"]
[Round "8.20"]
[White "Sheahan, Gavin"]
[Black "Katsanis, Vasileios Dim"]
[Result "0-1"]
[ECO "D31"]
[WhiteElo "1807"]
[BlackElo "2173"]
[Annotator "RC"]
[PlyCount "120"]
[EventDate "2023.11.13"]
[EventType "swiss"]
[EventCountry "ITA"]
[SourceTitle "playchess.com"]
[Source "ChessBase"]
[SourceQuality "1"]
[TimeControl "40/5400+30:1800+30"]

1. d4 d5 2. c4 e6 3. Nc3 a6 4. cxd5 exd5 5. Nf3 Nf6 6. Bg5 c6 7. Qc2 Be6 8. e3 Nbd7 9. Bd3 Bd6 10. Bf4 Qc7 11. Bxd6 Qxd6 12. O-O O-O 13. Ng5 h6 14. Nxe6 Qxe6 15. Na4 Rfe8 16. b4 Qd6 17. Nc5 Rab8 18. a4 Ng4 19. g3 Nf8 20. Be2 Nf6 21. b5 cxb5 22. axb5 a5 23. Rfc1 Rec8 24. Qf5 Ne6 25. Nd3 Rxc1+ 26. Nxc1 b6 27. Nd3 Rc8 28. Ne5 Rc7 29. Nc6 Nf8 30. Bf3 N8d7 31. Kf1 Kf8 32. h4 g6 33. Qd3 h5 34. Ke2 Kg7 35. Rg1 Rc8 36. Ra1 Nb8 37. Ne5 Qb4 38. Rb1 Qd6 39. Qb3 Nbd7 40. Nc6 Re8 41. Rg1 Ne4 42. Bxe4 Rxe4 43. f3 Re8 44. Kf2 Nf6 45. Qc3 Rc8 46. Qb3 Qe6 47. Kg2 Ne8 48. Re1 Nd6 49. Rc1 Nf5 50. Re1 Qd6 51. f4 Re8 52. Qd3 Qe6 53. Kf2 Nd6 54. Kg2 f6 55. Qe2 Nc4 56. Kf3 a4 57. Nb4 a3 58. Qd3 Qd7 59. Nc2 Qxb5 60. Nxa3 Ne5+ 0-1

[Event "FIDE WYCC Open U14 2023"]
[Site "Montesilvano"]
[Date "2023.11.21"]
[Round "8.21"]
[White "Artemov, Andriy"]
[Black "Sodbilegt, Naranbold"]
[Result "1-0"]
[ECO "E54"]
[WhiteElo "1779"]
[BlackElo "2151"]
[Annotator "RC"]
[PlyCount "45"]
[EventDate "2023.11.13"]
[EventType "swiss"]
[EventCountry "ITA"]
[SourceTitle "playchess.com"]
[Source "ChessBase"]
[SourceQuality "1"]
[TimeControl "40/5400+30:1800+30"]

1. d4 Nf6 2. c4 e6 3. Nc3 Bb4 4. e3 O-O 5. Bd3 d5 6. Nf3 dxc4 7. Bxc4 c5 8. O-O cxd4 9. exd4 Nc6 10. Bg5 Be7 11. Re1 a6 12. Rc1 h6 13. Bh4 Qb6 14. Rc2 Na5 15. Bd3 Bd7 16. Ne5 Rfd8 17. Ne4 g5 18. Nxf6+ Bxf6 19. Qh5 Bxe5 20. Rxe5 Qxd4 21. Qxh6 f5 22. Qxg5+ Kh7 23. Bxf5+ 1-0

[Event "FIDE WYCC Open U14 2023"]
[Site "Montesilvano"]
[Date "2023.11.21"]
[Round "8.22"]
[White "Myagmarsuren, Evsuld"]
[Black "Yang, Sylvia Siyuan"]
[Result "1-0"]
[ECO "C42"]
[WhiteElo "2150"]
[BlackElo "1973"]
[Annotator "RC"]
[PlyCount "75"]
[EventDate "2023.11.13"]
[EventType "swiss"]
[EventCountry "ITA"]
[SourceTitle "playchess.com"]
[Source "ChessBase"]
[SourceQuality "1"]
[TimeControl "40/5400+30:1800+30"]

1. e4 e5 2. Nf3 Nf6 3. Nxe5 d6 4. Nf3 Nxe4 5. d4 d5 6. Bd3 Nc6 7. O-O Be7 8. Nbd2 Nxd2 9. Bxd2 O-O 10. c3 Bg4 11. h3 Bh5 12. g3 Bg6 13. Bxg6 fxg6 14. Kg2 Kh8 15. Re1 Qd7 16. Re3 Rae8 17. Qe2 Bf6 18. Re1 Rxe3 19. Qxe3 Kg8 20. Qe2 Rf7 21. Qb5 Ne5 22. Qxd7 Nxd7 23. Bf4 Bd8 24. h4 Nf6 25. Ng5 Rd7 26. Ne6 c6 27. Nc5 Rf7 28. Bg5 Rc7 29. Bf4 Rf7 30. Be5 b6 31. Ne6 Be7 32. Ng5 Rf8 33. f3 h6 34. Nh3 Kf7 35. Nf4 Nd7 36. Bxg7 Kxg7 37. Rxe7+ Rf7 38. Ne6+ 1-0

[Event "FIDE WYCC Open U14 2023"]
[Site "Montesilvano"]
[Date "2023.11.21"]
[Round "8.23"]
[White "Besou, Hussain"]
[Black "Schuricht, Emil Frederick"]
[Result "1/2-1/2"]
[ECO "D25"]
[WhiteElo "2341"]
[BlackElo "1998"]
[Annotator "RC"]
[PlyCount "71"]
[EventDate "2023.11.13"]
[EventType "swiss"]
[EventCountry "ITA"]
[SourceTitle "playchess.com"]
[Source "ChessBase"]
[SourceQuality "1"]
[TimeControl "40/5400+30:1800+30"]

1. d4 d5 2. c4 dxc4 3. Nf3 Nf6 4. e3 Bg4 5. Bxc4 e6 6. O-O Nbd7 7. Nc3 Be7 8. Be2 O-O 9. b3 Nd5 10. Bb2 Ba3 11. Qd2 Bxb2 12. Qxb2 Nxc3 13. Qxc3 Rc8 14. b4 Qe7 15. Rfe1 Rfe8 16. Rac1 c6 17. h3 Bh5 18. Ne5 Bxe2 19. Nxd7 Qxd7 20. Rxe2 Qd6 21. Qc5 Qxc5 22. Rxc5 Kf8 23. Rec2 Ke7 24. f4 Red8 25. Kf2 Rd5 26. R5c4 f5 27. Kf3 Ra8 28. a4 a6 29. Rc5 Rxc5 30. bxc5 Rd8 31. Rb2 Rd7 32. g4 g6 33. h4 a5 34. Rh2 Kf6 35. h5 Kg7 36. hxg6 1/2-1/2

[Event "FIDE WYCC Open U14 2023"]
[Site "Montesilvano"]
[Date "2023.11.21"]
[Round "8.24"]
[White "George Micheal, Kevin"]
[Black "Juhanak, Daniel"]
[Result "1-0"]
[ECO "C07"]
[WhiteElo "2317"]
[BlackElo "1984"]
[Annotator "RC"]
[PlyCount "87"]
[EventDate "2023.11.13"]
[EventType "swiss"]
[EventCountry "ITA"]
[SourceTitle "playchess.com"]
[Source "ChessBase"]
[SourceQuality "1"]
[TimeControl "40/5400+30:1800+30"]

1. e4 e6 2. d4 d5 3. Nd2 c5 4. Ngf3 cxd4 5. Nxd4 Nc6 6. Bb5 Bd7 7. Nxc6 bxc6 8. Bd3 Bd6 9. Qe2 Qc7 10. Nf3 dxe4 11. Qxe4 Nf6 12. Qh4 Qa5+ 13. Bd2 Qh5 14. Qxh5 Nxh5 15. Bc3 f6 16. O-O-O Ke7 17. Rhe1 Nf4 18. Be4 e5 19. g3 Ng6 20. Nd2 Rac8 21. Nc4 Bb8 22. f4 Bg4 23. Rd2 Be6 24. Na5 f5 25. Bxc6 Bc7 26. Bb4+ Kf7 27. Bd7 Rb8 28. Nc6 Rb6 29. Bc5 Ra6 30. fxe5 Rxa2 31. Kb1 Ra4 32. Bxe6+ Kxe6 33. Nd4+ Kd5 34. Nb3+ Kc6 35. e6 Ne5 36. Rf2 g6 37. Bd4 Kd5 38. Bxe5 Bxe5 39. Rd2+ Bd4 40. c3 Kc4 41. Nxd4 Ra6 42. Re5 Re8 43. Nb5 Rexe6 44. Rd4+ 1-0

[Event "FIDE WYCC Open U14 2023"]
[Site "Montesilvano"]
[Date "2023.11.21"]
[Round "8.25"]
[White "Kuziev, Miraziz"]
[Black "Tenuunbold, Battulga"]
[Result "1-0"]
[ECO "D45"]
[WhiteElo "2053"]
[BlackElo "2290"]
[Annotator "RC"]
[PlyCount "87"]
[EventDate "2023.11.13"]
[EventType "swiss"]
[EventCountry "ITA"]
[SourceTitle "playchess.com"]
[Source "ChessBase"]
[SourceQuality "1"]
[TimeControl "40/5400+30:1800+30"]

1. d4 d5 2. c4 e6 3. Nc3 c6 4. e3 Nf6 5. Nf3 Nbd7 6. Qc2 Bd6 7. Bd3 dxc4 8. Bxc4 b5 9. Be2 O-O 10. O-O a6 11. Ng5 Bb7 12. Nge4 Be7 13. a3 a5 14. Rd1 Qb6 15. Nxf6+ Bxf6 16. Rb1 b4 17. Na4 Qc7 18. axb4 axb4 19. e4 Rfc8 20. Be3 e5 21. dxe5 Bxe5 22. f4 Bf6 23. e5 Be7 24. Bg4 Rd8 25. Bxd7 Rxd7 26. Rxd7 Qxd7 27. Nb6 b3 28. Qc1 Qg4 29. Nxa8 c5 30. Qd2 Bxa8 31. Ra1 Be4 32. Ra7 Bf8 33. Rc7 h6 34. h3 Qf5 35. Qd8 Qg6 36. g4 Qa6 37. Rc8 Qa1+ 38. Kf2 Qxb2+ 39. Kg3 Qg2+ 40. Kh4 Kh7 41. Qxf8 Qe2 42. Qg8+ Kg6 43. Rc6+ Bxc6 44. f5# 1-0

[Event "FIDE WYCC Open U14 2023"]
[Site "Montesilvano"]
[Date "2023.11.21"]
[Round "8.26"]
[White "Balint, Peter"]
[Black "Tamer Waguih, Farid"]
[Result "1-0"]
[ECO "B11"]
[WhiteElo "2256"]
[BlackElo "1893"]
[Annotator "RC"]
[PlyCount "85"]
[EventDate "2023.11.13"]
[EventType "swiss"]
[EventCountry "ITA"]
[SourceTitle "playchess.com"]
[Source "ChessBase"]
[SourceQuality "1"]
[TimeControl "40/5400+30:1800+30"]

1. e4 c6 2. Nf3 d5 3. Nc3 Bg4 4. h3 Bxf3 5. Qxf3 e6 6. g3 Nd7 7. d3 g6 8. Bg2 Bg7 9. O-O Ne7 10. Re1 O-O 11. Bg5 f6 12. Bd2 d4 13. Nb1 e5 14. Qe2 f5 15. exf5 Nxf5 16. a4 Qf6 17. Na3 Nd6 18. b4 Rae8 19. b5 c5 20. Ba5 Rc8 21. Rf1 Kh8 22. Rae1 Nb6 23. Bxb6 axb6 24. Ra1 Ra8 25. Nc4 Nxc4 26. dxc4 Ra7 27. Ra3 Qe7 28. Bd5 Rfa8 29. Rfa1 Qd7 30. Kg2 Qe7 31. Qe4 Qc7 32. h4 Rb8 33. h5 Qd6 34. hxg6 h6 35. Rf3 Rf8 36. Rxf8+ Bxf8 37. Ra3 Bg7 38. Bxb7 Qe7 39. Bd5 Qd8 40. Qf5 Bf6 41. Rf3 Kg7 42. Qe6 e4 43. Rxf6 1-0

[Event "FIDE WYCC Open U14 2023"]
[Site "Montesilvano"]
[Date "2023.11.21"]
[Round "8.27"]
[White "La Barbera, Manfredi"]
[Black "Farias, David Nuno M E"]
[Result "0-1"]
[ECO "B44"]
[WhiteElo "2043"]
[BlackElo "2149"]
[Annotator "NA RC"]
[PlyCount "64"]
[EventDate "2023.11.13"]
[EventType "swiss"]
[EventCountry "ITA"]
[SourceTitle "playchess.com"]
[Source "ChessBase"]
[SourceQuality "1"]
[TimeControl "40/5400+30:1800+30"]

1. e4 c5 2. Nf3 e6 3. d4 cxd4 4. Nxd4 Nc6 5. a3 Qc7 6. Be3 a6 7. c4 Nf6 8. Nc3 Be7 9. Be2 O-O 10. O-O d6 11. Rc1 Nb8 12. b4 Nbd7 13. f4 b6 14. Nd5 exd5 15. cxd5 Qb7 16. Bf3 Re8 17. Nc6 Bf8 18. Qd4 Nb8 19. e5 Ng4 20. e6 Nxe3 21. Qxe3 Nxc6 22. dxc6 Qc7 23. exf7+ Qxf7 24. Qxb6 Be6 25. c7 d5 26. Rfe1 Rac8 27. Rxe6 Rxe6 28. Qb7 Qxf4 29. Rf1 Rxc7 30. Qxd5 Qe3+ 31. Kh1 Kh8 32. Be4 Rf7 0-1

[Event "FIDE WYCC Open U14 2023"]
[Site "Montesilvano"]
[Date "2023.11.21"]
[Round "8.28"]
[White "Arnold, Rhys"]
[Black "Bochniak, Franciszek"]
[Result "1-0"]
[ECO "B30"]
[WhiteElo "2146"]
[BlackElo "1954"]
[Annotator "NA RC"]
[PlyCount "107"]
[EventDate "2023.11.13"]
[EventType "swiss"]
[EventCountry "ITA"]
[SourceTitle "playchess.com"]
[Source "ChessBase"]
[SourceQuality "1"]
[TimeControl "40/5400+30:1800+30"]

1. e4 c5 2. Nf3 Nc6 3. Bb5 e5 4. O-O Bd6 5. c3 a6 6. Ba4 b5 7. Bb3 c4 8. Bc2 Nf6 9. d4 cxd3 10. Qxd3 Be7 11. Bg5 O-O 12. Bxf6 Bxf6 13. Rd1 Qb6 14. Nbd2 Rd8 15. Nf1 d6 16. Ne3 Ne7 17. a4 Bb7 18. axb5 axb5 19. Rxa8 Bxa8 20. Bb3 Bb7 21. Nd5 Nxd5 22. Bxd5 Bc8 23. Ne1 g6 24. Qf3 Kg7 25. Nc2 Rd7 26. Nb4 Ra7 27. h3 h5 28. Qe3 Qxe3 29. fxe3 Bd7 30. Kf2 g5 31. Bc6 Bxc6 32. Nxc6 Ra6 33. Nb4 Rb6 34. Ra1 Rb7 35. Ra6 Be7 36. Nd5 Bf8 37. Ke2 g4 38. hxg4 hxg4 39. Ra8 Be7 40. Kd2 Bg5 41. Ra6 Rd7 42. b4 Bd8 43. Kd3 Kg6 44. c4 bxc4+ 45. Kxc4 f5 46. b5 Kg5 47. b6 f4 48. exf4+ exf4 49. Ra7 f3 50. gxf3 Rxa7 51. bxa7 g3 52. a8=Q g2 53. Qxd8+ Kh5 54. Qf6 1-0

[Event "FIDE WYCC Open U14 2023"]
[Site "Montesilvano"]
[Date "2023.11.21"]
[Round "8.29"]
[White "Pleschke, Julius Jonas"]
[Black "kiladze, Luka"]
[Result "0-1"]
[ECO "A45"]
[WhiteElo "2024"]
[BlackElo "2145"]
[Annotator "RC"]
[PlyCount "94"]
[EventDate "2023.11.13"]
[EventType "swiss"]
[EventCountry "ITA"]
[SourceTitle "playchess.com"]
[Source "ChessBase"]
[SourceQuality "1"]
[TimeControl "40/5400+30:1800+30"]

1. d4 Nf6 2. Nc3 d5 3. Bf4 e6 4. Nb5 Na6 5. e3 c6 6. Nc3 Nc7 7. Nf3 Bd6 8. Ne5 Qe7 9. Bd3 a6 10. O-O c5 11. dxc5 Bxc5 12. Qf3 Bd6 13. Bg3 O-O 14. Qe2 Nfe8 15. f4 f5 16. Kh1 b5 17. a4 b4 18. Nb1 Nf6 19. Nd2 a5 20. Nb3 Ne4 21. Bxe4 Bxe5 22. fxe5 dxe4 23. Rfd1 Nd5 24. Qe1 g5 25. Nd4 Bb7 26. c4 bxc3 27. bxc3 Ba6 28. Nb5 Bxb5 29. axb5 Rfc8 30. Rxd5 exd5 31. Qd1 Qe6 32. b6 Rcb8 33. Rb1 Ra6 34. Qh5 h6 35. h4 Raxb6 36. Rxb6 Rxb6 37. hxg5 hxg5 38. Qxg5+ Kf7 39. Qh5+ Qg6 40. Qd1 Ke6 41. c4 dxc4 42. Bf2 c3 43. Qe2 Qh6+ 44. Kg1 Rb1+ 45. Be1 Kxe5 46. g4 Qh4 47. Qb5+ Rxb5 0-1

[Event "FIDE WYCC Open U14 2023"]
[Site "Montesilvano"]
[Date "2023.11.21"]
[Round "8.30"]
[White "Hobson, Kenneth"]
[Black "Zhang, Brian"]
[Result "1-0"]
[ECO "B52"]
[WhiteElo "2142"]
[BlackElo "1867"]
[Annotator "NA RC"]
[PlyCount "105"]
[EventDate "2023.11.13"]
[EventType "swiss"]
[EventCountry "ITA"]
[SourceTitle "playchess.com"]
[Source "ChessBase"]
[SourceQuality "1"]
[TimeControl "40/5400+30:1800+30"]

1. e4 c5 2. Nf3 d6 3. Bb5+ Bd7 4. Bxd7+ Qxd7 5. O-O Nf6 6. Qe2 Nc6 7. c3 e6 8. d4 cxd4 9. cxd4 d5 10. e5 Ne4 11. Be3 Be7 12. Ne1 f6 13. f3 Ng5 14. Nd3 O-O 15. Nd2 b6 16. Rae1 Rae8 17. a3 Na5 18. exf6 Bxf6 19. f4 Nf7 20. Ne5 Nxe5 21. fxe5 Be7 22. b4 Nc6 23. Qg4 Bd8 24. Nf3 Ne7 25. Qh3 Nf5 26. Bd2 h6 27. Kh1 Rf7 28. g4 Ne7 29. Rg1 Ref8 30. Ref1 Qa4 31. g5 Qxa3 32. Qxe6 Kh8 33. gxh6 g6 34. Bg5 Rxf3 35. Bf6+ R3xf6 36. Rxf6 Rg8 37. Rf7 Nf5 38. Rxf5 Qd3 39. Rf4 Qe3 40. Qf7 a5 41. bxa5 bxa5 42. Rf3 Qe4 43. Qf4 Qxf4 44. Rxf4 Kh7 45. Rf7+ Kxh6 46. Rd7 Bb6 47. Rxd5 a4 48. Rd6 Bc7 49. Rc6 Bb8 50. Ra6 Kh7 51. Rxa4 Rd8 52. Kg2 Rf8 53. Ra8 1-0

[Event "FIDE WYCC Open U14 2023"]
[Site "Montesilvano"]
[Date "2023.11.21"]
[Round "8.31"]
[White "Nainys, Zanas"]
[Black "Bazilius, Augustinas"]
[Result "1-0"]
[ECO "A34"]
[WhiteElo "1974"]
[BlackElo "2138"]
[Annotator "NA RC"]
[PlyCount "59"]
[EventDate "2023.11.13"]
[EventType "swiss"]
[EventCountry "ITA"]
[SourceTitle "playchess.com"]
[Source "ChessBase"]
[SourceQuality "1"]
[TimeControl "40/5400+30:1800+30"]

1. Nf3 Nf6 2. c4 c5 3. Nc3 d5 4. cxd5 Nxd5 5. d4 Nxc3 6. bxc3 e6 7. e4 cxd4 8. cxd4 Bb4+ 9. Bd2 Bxd2+ 10. Qxd2 O-O 11. Bc4 Nc6 12. O-O b6 13. d5 Na5 14. Bd3 exd5 15. exd5 Bb7 16. Rad1 Qxd5 17. Bxh7+ Kh8 18. Qf4 Qh5 19. Bf5 Bxf3 20. Rd3 g6 21. Rxf3 Qxf5 22. Qh6+ Kg8 23. Rxf5 gxf5 24. Qg5+ Kh8 25. Rd1 Rfe8 26. Qxf5 Kg8 27. h4 Re6 28. Rd3 Kg7 29. h5 Rh8 30. Rd7 1-0

[Event "FIDE WYCC Open U14 2023"]
[Site "Montesilvano"]
[Date "2023.11.21"]
[Round "8.32"]
[White "Panda, Barnabas"]
[Black "Malinowsky, Levi"]
[Result "1-0"]
[ECO "A30"]
[WhiteElo "1905"]
[BlackElo "2135"]
[Annotator "NA RC"]
[PlyCount "59"]
[EventDate "2023.11.13"]
[EventType "swiss"]
[EventCountry "ITA"]
[SourceTitle "playchess.com"]
[Source "ChessBase"]
[SourceQuality "1"]
[TimeControl "40/5400+30:1800+30"]

1. c4 c5 2. g3 Nf6 3. Bg2 d5 4. cxd5 Nxd5 5. d4 cxd4 6. Qxd4 e6 7. Nc3 Nc6 8. Qa4 Nxc3 9. Bxc6+ bxc6 10. bxc3 Be7 11. Ba3 O-O 12. Rd1 Qc7 13. Bxe7 Qxe7 14. Nf3 Qc5 15. Qd4 Qa5 16. O-O c5 17. Qe4 Ba6 18. Ng5 g6 19. Nxf7 Qxc3 20. Rd7 Qf6 21. Nh6+ Kh8 22. Qc6 Bc8 23. Rf7 Rxf7 24. Nxf7+ Qxf7 25. Qxa8 Qc7 26. Rb1 Kg7 27. Rb8 Ba6 28. Rg8+ Kh6 29. Qf8+ Kg5 30. Rg7 1-0

[Event "FIDE WYCC Open U14 2023"]
[Site "Montesilvano"]
[Date "2023.11.21"]
[Round "8.33"]
[White "Sharshenbekov, Emir"]
[Black "Tao, Sihan"]
[Result "1/2-1/2"]
[ECO "B22"]
[WhiteElo "1893"]
[BlackElo "2122"]
[Annotator "RC"]
[PlyCount "105"]
[EventDate "2023.11.13"]
[EventType "swiss"]
[EventCountry "ITA"]
[SourceTitle "playchess.com"]
[Source "ChessBase"]
[SourceQuality "1"]
[TimeControl "40/5400+30:1800+30"]

1. e4 c5 2. c3 Nf6 3. e5 Nd5 4. d4 cxd4 5. Qxd4 e6 6. Bc4 Nc6 7. Qe4 d6 8. exd6 Nf6 9. Qe2 Bxd6 10. Nf3 Qc7 11. O-O Ne5 12. Nxe5 Bxe5 13. h3 O-O 14. Nd2 Bh2+ 15. Kh1 Bf4 16. Nf3 b6 17. Ba6 Bxc1 18. Raxc1 Bxa6 19. Qxa6 Rfd8 20. Rcd1 Rd7 21. Qa4 Rad8 22. Rxd7 Qxd7 23. Qxd7 Rxd7 24. Re1 Kf8 25. Nd4 Rd5 26. Re2 Nd7 27. f4 Nc5 28. Re3 Ke7 29. g4 Kd7 30. Kg2 Nb7 31. Kf3 Na5 32. Ke4 Nc4 33. Re2 g5 34. Kd3 b5 35. b3 Nb6 36. Re5 gxf4 37. Rxd5+ Nxd5 38. Nxb5 f3 39. c4 Nb4+ 40. Ke3 Nxa2 41. Nxa7 Nc1 42. b4 f2 43. Kxf2 Nd3+ 44. Ke3 Nxb4 45. Nb5 Nc6 46. Nc3 Ne5 47. Kd4 Nf3+ 48. Ke3 Ne5 49. Kd4 Nf3+ 50. Ke3 Ne5 51. Kd4 Nf3+ 52. Ke3 Ne5 53. Ke4 1/2-1/2

[Event "FIDE WYCC Open U14 2023"]
[Site "Montesilvano"]
[Date "2023.11.21"]
[Round "8.34"]
[White "Lin, Leo"]
[Black "Kjartansson, Matthias Bjorgvin"]
[Result "1/2-1/2"]
[ECO "C44"]
[WhiteElo "2097"]
[BlackElo "1651"]
[Annotator "NA RC"]
[PlyCount "114"]
[EventDate "2023.11.13"]
[EventType "swiss"]
[EventCountry "ITA"]
[SourceTitle "playchess.com"]
[Source "ChessBase"]
[SourceQuality "1"]
[TimeControl "40/5400+30:1800+30"]

1. e4 e5 2. Nf3 Nc6 3. d4 exd4 4. Nxd4 Nf6 5. Nc3 Bb4 6. Nxc6 bxc6 7. Bd3 d5 8. exd5 O-O 9. O-O cxd5 10. h3 h6 11. Qf3 c6 12. Bf4 Re8 13. a3 Bd6 14. Bxd6 Qxd6 15. Qg3 Qxg3 16. fxg3 Rb8 17. b4 Rb7 18. Rae1 Rbe7 19. Rxe7 Rxe7 20. g4 a5 21. bxa5 Ra7 22. Rb1 Nd7 23. Na4 Ba6 24. Bf5 Bb5 25. Nb6 Nc5 26. a4 Ba6 27. Nc8 Bxc8 28. Rb8 g6 29. Bxc8 Rxa5 30. Bb7+ Kg7 31. Bxc6 Nxa4 32. Rb7 Nc5 33. Rc7 Ne4 34. Rd7 Nf6 35. Rb7 Ra2 36. c3 Ra3 37. Bd7 Nxd7 38. Rxd7 Rxc3 39. Rxd5 g5 40. Rd2 Rc4 41. Kf2 Kg6 42. Ke3 Rc6 43. Ke4 Re6+ 44. Kf3 Rc6 45. Ke4 Re6+ 46. Kd5 Re8 47. Rf2 Re7 48. Kd6 Re6+ 49. Kd7 Re4 50. Rd2 Kf6 51. Rf2+ Kg6 52. Rf3 Rf4 53. Ke7 f5 54. gxf5+ Kxf5 55. Kf7 Rxf3 56. gxf3 Kf4 57. Kg6 Kxf3 1/2-1/2

[Event "FIDE WYCC Open U14 2023"]
[Site "Montesilvano"]
[Date "2023.11.21"]
[Round "8.35"]
[White "Lira, Suan Bruno Fernandes"]
[Black "Warchol, Kamil"]
[Result "0-1"]
[ECO "D37"]
[WhiteElo "1858"]
[BlackElo "2095"]
[Annotator "NA RC"]
[PlyCount "78"]
[EventDate "2023.11.13"]
[EventType "swiss"]
[EventCountry "ITA"]
[SourceTitle "playchess.com"]
[Source "ChessBase"]
[SourceQuality "1"]
[TimeControl "40/5400+30:1800+30"]

1. d4 Nf6 2. c4 e6 3. Nf3 d5 4. Nc3 dxc4 5. e4 b5 6. e5 Nd5 7. Nxb5 Nb6 8. Be3 Nc6 9. Be2 Be7 10. O-O O-O 11. Rc1 Rb8 12. Nc3 Nb4 13. a3 N4d5 14. Nd2 Nxe3 15. fxe3 c5 16. Nxc4 Nxc4 17. Bxc4 Bg5 18. Kh1 Bxe3 19. Rc2 Bxd4 20. Qe1 Qg5 21. Re2 Bb7 22. Ne4 Bxe4 23. Rxe4 Rxb2 24. Re2 Rxe2 25. Qxe2 Qxe5 26. Qf3 Qd6 27. Rb1 Rb8 28. Rb7 Rxb7 29. Qxb7 Bf6 30. g3 g6 31. Qa6 Qxa6 32. Bxa6 Bb2 33. a4 f5 34. Kg2 e5 35. h3 Kf7 36. g4 Kf6 37. gxf5 gxf5 38. Bc8 e4 39. h4 c4 0-1